 Dungeon Crawl Stone Soup version 0.31.0 (webtiles) character file.

Game seed: 13139809710435362696

54 qw the Shooter (level 3, 0/22 HPs)
             Began as a Gargoyle Hunter on Jan 20, 2024.
             Slain by a goblin
             ... wielding a +0 club
             ... led by Robin
              (2 damage)
             ... on level 2 of the Dungeon.
             The game lasted 00:00:03 (799 turns).

qw the Shooter (Gargoyle Hunter)                     Turns: 799, Time: 00:00:04

Health: 0/22       AC:  8    Str: 14    XL:     3   Next: 91%
Magic:  3/3        EV: 10    Int:  9    God:
Gold:   50         SH:  0    Dex: 15    Spells: 2/2 levels left

rFire   . . .        a - +0 shortbow
rCold   . . .        (shield currently unavailable)
rNeg    + . .        e - +0 ring mail
rPois   inf          (no helmet)
rElec   +            (no cloak)
rCorr   .            (no gloves)
SInv    .            (no boots)
Will    .....        (no amulet)
Stlth   +            (no ring)
HPRegen 0.23/turn    (no ring)
MPRegen 0.08/turn

%: no passive effects
@: no status effects
A: sickness immunity, AC +3, negative energy resistance 1, electricity
resistance, torment resistance 1, petrification resistance
a: no special abilities


You were on level 2 of the Dungeon.
You visited 1 branch of the dungeon, and saw 2 of its levels.

You collected 50 gold pieces.


Innate Abilities, Weirdness & Mutations

You are immune to sickness and miasma.
Your stone body is resilient. (AC +3)
You are immune to poison.
You resist negative energy. (rN+)
You are resistant to electric shocks. (rElec)
You are resistant to unholy torment.
You are immune to petrification.


   Skills:
 + Level 2.8 Fighting
 - Level 5.0 Ranged Weapons
 - Level 1.0 Armour
 - Level 1.5 Dodging
 - Level 1.1 Stealth


You had 2 spell levels left.
You didn't know any spells.
Your spell library was empty.

Inventory:

Hand Weapons
 a - a +0 shortbow (weapon)
Armour
 e - a +0 ring mail (worn)
Jewellery
 d - a +5 ring of evasion
Scrolls
 b - a scroll of silence {unknown}
 c - a scroll of fog {unknown}
Potions
 g - a potion of enlightenment

Dungeon Overview and Level Annotations

Branches:
Dungeon (2/15)

Altars:

Annotations:
D:2 Robin


Message History

Robin laughs in a distinctly smug fashion.
A hobgoblin comes into view.
You shoot an arrow. The arrow closely misses the goblin.
You hear a shout!
Robin throws the goblin at you! The goblin hits you but does no damage.
The goblin barely misses you.
You shoot an arrow. The arrow hits the goblin.
You kill the goblin!
The goblin hits you but does no damage. x2
You shoot an arrow. The arrow hits the goblin!
You kill the goblin!
Robin throws the goblin at you! The goblin hits you with a +0 dagger.
A goblin comes into view. It is wielding a +0 dagger.
The goblin closely misses you.
You shoot an arrow. The arrow closely misses the goblin.
The goblin closely misses you. The goblin hits you but does no damage.
The goblin closely misses you. x2; The goblin hits you with a +0 club.
The goblin barely misses you.
You shoot an arrow.
The arrow hits Robin but does no damage.
The goblin hits you with a +0 club.
Robin laughs in a distinctly smug fashion.
Robin throws the goblin at you! The goblin hits you with a +0 club.
The goblin hits you but does no damage.
You shoot an arrow. The arrow closely misses Robin.
The arrow hits the hobgoblin.
You kill the hobgoblin!
The goblin barely misses you. The goblin hits you with a +0 club.
The goblin barely misses you. Robin hits you but does no damage.
The goblin hits you but does no damage. The goblin hits you with a +0 club.
You shoot an arrow. The arrow hits Robin.
Robin is moderately wounded.
The goblin barely misses you. The goblin hits you with a +0 club.
Robin closely misses you. The goblin misses you.
The goblin hits you but does no damage.
You shoot an arrow. The arrow hits Robin.
Robin is heavily wounded.
The goblin hits you but does no damage. The goblin hits you with a +0 dagger.
The goblin misses you. The goblin hits you with a +0 club.
You die...

..................#
........>...##....#
.........###.....##
..###....# #.....#
# #....#
#.....#######
.....#
###+#.......#
#.....# # #........
#.#gg......
#.g@g......
#g)gg....##
#%.g.....#
...g........
.##.......... ..
....#.##... .
.#.#.#.# ...
..#...#.# ..


You could see Robin and 8 goblins.

Vanquished Creatures
  A dart slug (D:1)
  2 ball pythons (D:1)
  5 endoplasms
  4 giant cockroaches (D:1)
  2 goblins (D:2)
  9 hobgoblins
  3 jackals (D:1)
  8 kobolds
  2 quokkas
  2 bats (D:1)
  3 rats (D:1)
41 creatures vanquished.

Notes
Turn   | Place    | Note
-------+----------+-------------------------------------------
     0 | D:1      | qw the Gargoyle Hunter began the quest for the Orb.
     0 | D:1      | Reached XP level 1. HP: 12/12 MP: 1/1
     0 | D:1      | 0 ||| qw: Version: 0.3-a-132-g3d54051
     0 | D:1      | 0 ||| qw: Game counter: 542
     0 | D:1      | 0 ||| qw: Melee chars always use a shield: true
     0 | D:1      | 0 ||| qw: God list: Okawaru
     0 | D:1      | 0 ||| qw: Allow faded altars: false
     0 | D:1      | 0 ||| qw: Do Orc after clearing Dungeon:15 true
     0 | D:1      | 0 ||| qw: Do second Lair branch before Depths: true
     0 | D:1      | 0 ||| qw: Lair rune preference: random
     0 | D:1      | 0 ||| qw: Goals: Normal
     0 | D:1      | 0 ||| PLANNING D:1-11
   104 | D:1      | Reached XP level 2. HP: 17/17 MP: 2/2
   352 | D:1      | Reached XP level 3. HP: 21/21 MP: 3/3
   491 | D:1      | Reached skill level 5 in Ranged Weapons
   620 | D:1      | 620 ||| UPGRADING to +0 ring mail.
   630 | D:1      | 630 ||| DROPPING +0 leather armour.
   631 | D:1      | 631 ||| READING scroll labelled PAUPHI DARONK.
   632 | D:1      | 632 ||| READING scroll labelled KOIWOD NAITUR.
   633 | D:1      | 633 ||| DRINKING 2 emerald potions.
   634 | D:1      | 634 ||| DROPPING scroll of butterflies.
   788 | D:2      | Reached skill level 1 in Armour
   790 | D:2      | Noticed Robin
   798 | D:2      | HP: 5/22 [goblin/+0 club[Robin] (2)]
   799 | D:2      | HP: 2/22 [goblin/+0 dagger[Robin] (3)]
   799 | D:2      | Slain by a goblin

Levels and vault maps discovered:
D:1:      matt_arrival_grand_opening, layout_loops_cross,
          chequers_serial_rivers_micro_e
D:2:      layout_basic, kennysheep_another_room, uniq_robin

Skill      XL: |  1  2  3 |
---------------+----------+-----
Ranged Weapons | 5 |  5.0
Armour         | 1 |  1.0
Fighting       | |  2.8
Dodging        | |  1.5
Stealth        | |  1.1

Action                     || total
---------------------------++-------
   Fire: Shortbow          ||   111
    Use: Scroll            ||     2
         Potion            ||     1
 Armour: Leather armour    ||    25
         Ring mail         ||    21
  Dodge: Dodged            ||    39

Table legend:
 A = Non-vault XP
 B = Vault XP
 C = Vault XP percentage of total XP
 D = Non-vault monster count
 E = Vault monster count
 F = Vault count percentage of total count
                 A         B        C        D         E       F
            +---------+---------+-------+---------+---------+-------
      Total |      70 |       8 |  10.3 |      37 |       4 |   9.8
            +---------+---------+-------+---------+---------+-------
        D:1 |      58 |       0 |   0.0 |      31 |       0 |   0.0
        D:2 |      12 |       8 |  40.0 |       6 |       4 |  40.0
            +---------+---------+-------+---------+---------+-------
